 Dungeon Crawl Stone Soup version 0.30-a0-782-ge64f9170bb (webtiles) character file.

Game seed: 13691147671714827901

76846 funkygono the Severer (level 15, 0/129 HPs)
             Began as a Minotaur Fighter on Mar 16, 2023.
             Was an Elder of Okawaru.
             Slain by a guardian serpent (12 damage)
             ... on level 2 of the Snake Pit.
             The game lasted 00:46:53 (19010 turns).

funkygono the Severer (Minotaur Fighter)           Turns: 19010, Time: 00:46:53

Health: 0/129      AC: 39    Str: 28    XL:     15   Next: 13%
Magic:  17/17      EV:  6    Int: 14    God:    Okawaru [****..]
Gold:   1946       SH:  7    Dex: 11    Spells: 14/14 levels left

rFire   x . .      SeeInvis +    r - +2 war axe of Inflation {flame, Fly rC+ Int-3}
rCold   + + +      Faith    .    c - +0 buckler
rNeg    . . .      Spirit   .    J - +11 plate armour of Cycwua {-Tele Regen+ Str-2 Int+6}
rPois   .          Reflect  .    S - +1 hat of Guahook {rF- rC+++ Str+3}
rElec   .          Harm     .    W - +2 cloak {rCorr}
rCorr   +          Rampage  .    h - +1 pair of gloves
Will    +....      NoTele   +    C - +2 pair of boots Stlth
                                 A - amulet of regeneration
HPRegen 2.01/turn                u - ring of see invisible
MPRegen 0.15/turn                w - +6 ring of intelligence

@: lethally poisoned (0 -> -4), flying, slowed, constricted, studying Shields,
very slow
A: horns 2, retaliatory headbutt, frail 1, devolution 1
a: Renounce Religion, Heroism, Finesse


You were on level 2 of the Snake Pit.
You worshipped Okawaru.
Okawaru was greatly pleased with you.
You visited 5 branches of the dungeon, and saw 23 of its levels.
You also visited: Gauntlet.

You collected 2016 gold pieces.
You spent 70 gold pieces at shops.

Inventory:

Hand Weapons
 a - a +4 spectral war axe
 b - a +2 broad axe of electrocution
 r - the +2 war axe of Inflation (weapon) {flame, Fly rC+ Int-3}
   (You found it on level 3 of the Lair of Beasts)

   Int:       It affects your intelligence (-3).
   rC:        It protects you from cold.
   Fly:       It grants you flight.
Armour
 c - a +0 buckler (worn)
 h - a +1 pair of gloves (worn)
 C - a +2 pair of boots (worn)
 J - the +11 plate armour of Cycwua (worn) {-Tele Regen+ Str-2 Int+6}
   (Okawaru gifted it to you on level 3 of the Lair of Beasts)

   Str:       It affects your strength (-2).
   Int:       It affects your intelligence (+6).
   -Tele:     It prevents most forms of teleportation.
   Regen:     It increases your rate of health regeneration.
 S - the +1 hat of Guahook (worn) {rF- rC+++ Str+3}
   (You found it in a Gauntlet)

   Str:       It affects your strength (+3).
   rF:        It makes you vulnerable to fire.
   rC:        It renders you almost immune to cold.
 W - a +2 cloak of preservation (worn)
 X - the +1 cloak "Ragguibo" {rN+}
   (You found it in a Gauntlet)

   rN:        It protects you from negative energy.
Jewellery
 o - a ring of willpower
 q - a ring of willpower
 u - a ring of see invisible (left hand)
 w - a +6 ring of intelligence (right hand)
 A - an amulet of regeneration (around neck)
 Y - a ring of protection from cold
Wands
 e - a wand of flame (31)
 k - a wand of polymorph (5)
 l - a wand of mindburst (31)
 y - a wand of roots (14)
 F - a wand of paralysis (25)
 U - a wand of acid (8)
Scrolls
 i - 2 scrolls of teleportation
 E - 10 scrolls of identify
 L - 2 scrolls of fog
 M - 3 scrolls of magic mapping
 O - a scroll of brand weapon
Potions
 d - 5 potions of might
 f - 13 potions of curing
 g - 4 potions of resistance
 j - 8 potions of haste
 m - 6 potions of heal wounds
 n - 3 potions of invisibility
 p - 3 potions of flight
 s - 2 potions of cancellation
 t - a potion of berserk rage
 v - a potion of magic
 x - 2 potions of mutation
 K - a potion of ambrosia


   Skills:
 + Level 16.0 Fighting
 + Level 19.4 Axes
 + Level 15.6 Armour
 + Level 3.5 Dodging
 + Level 4.6 Stealth
 + Level 14.0 Shields
 + Level 4.4 Invocations


You had 14 spell levels left.
You didn't know any spells.
Your spell library contained the following spells:

 Spells                   Type           Power      Damage    Failure   Level
 Apportation              Tloc           0%         N/A       89%         1
 Necrotise                Necr           0%         1d4       89%         1
 Slow                     Hex            0%         N/A       89%         1
 Cigotuvi's Dreadful Rot  Necr/Pois/Air  0%         N/A       96%         2
 Poisonous Vapours        Pois/Air       0%         N/A       96%         2
 Scorch                   Fire           0%         2d5       96%         2
 Sublimation of Blood     Necr           0%         N/A       96%         2
 Confusing Touch          Hex            0%         N/A       99%         3
 Mephitic Cloud           Conj/Pois/Air  0%         N/A       99%         3
 Vampiric Draining        Necr           0%         2d6       99%         3
 Vhi's Electric Charge    Tloc/Air       0%         N/A       99%         3
 Flame Wave               Conj/Fire      0%         2d4       100%        4
 Passage of Golubria      Tloc           0%         N/A       100%        4
 Petrify                  Tmut/Erth      0%         N/A       100%        4
 Arcjolt                  Conj/Air       0%         1d10      100%        5
 Irradiate                Conj/Tmut      0%         3d11      100%        5
 Yara's Violent Unravell  Hex/Tmut       0%         3d3       100%        5
 Conjure Ball Lightning   Conj/Air       0%         3x3d6     100%        6
 Eringya's Noxious Bog    Tmut/Pois      0%         N/A       100%        6
 Discord                  Hex            0%         N/A       100%        8
 Disjunction              Tloc           0%         N/A       100%        8
 Maxwell's Capacitive Co  Air            0%         ∞         100%        8
 Summon Small Mammal      Summ           Unusable   N/A       N/A         1
 Tukima's Dance           Hex            Unusable   N/A       N/A         3
 Summon Forest            Summ/Tloc      Unusable   N/A       N/A         5
 Summon Cactus Giant      Summ           Unusable   N/A       N/A         6
 Summon Hydra             Summ           Unusable   N/A       N/A         7

Dungeon Overview and Level Annotations

Branches:
Dungeon (13/15)            Temple (1/1) D:7            Lair (5/5) D:9
  Swamp (0/4) Lair:3        Snake (2/4) Lair:3        Slime (0/5) Lair:4
    Orc (2/2) D:11            Elf (0/3) Orc:2       Gauntlet (visited)
 Vaults: D:13-14

Altars:
Ashenzari
Cheibriados
Dithmenos
Elyvilon
Fedhas
Gozag
Hepliaklqana
Kikubaaqudgha
Makhleb
Nemelex Xobeh
Okawaru
Qazlal
Ru
Sif Muna
Trog
Uskayaw
Vehumet
Wu Jian
Xom
Yredelemnul
Zin
The Shining One

Shops:
D:3 *   Orc:2 *(:(!(


Innate Abilities, Weirdness & Mutations

You have a pair of horns on your head.
You reflexively headbutt those who attack you in melee.
You are frail. (-10% HP)
You have hidden genetic defects.


Message History

The naga mage hits you but does no damage.
The guardian serpent coils itself and waves its upper body at you.
The naga blinks into view!
The naga blinks! x2
You closely miss the guardian serpent.
Your headbutt misses the guardian serpent.
The guardian serpent is lightly wounded.
You slash the naga! You burn the naga. You hit the naga. You burn the naga.
You closely miss the naga.
You feel sick. The naga spits poison at you.
The splash of poison hits you but does no damage.
You are more poisoned.
The naga spits poison at you. You block the splash of poison.
You block the naga's attack. x2
The naga mage closely misses you. The guardian serpent barely misses you.
You hit the guardian serpent. You burn the guardian serpent.
The guardian serpent is moderately wounded.
You slash the naga! You burn the naga. You slash the naga! You burn the naga.
You slash the naga! You burn the naga.
You feel sick. The naga mage closely misses you.
The guardian serpent closely misses you.
The naga hits you with a +0 glaive!
* * * LOW HITPOINT WARNING * * *
You block the naga's attack. The naga hits you but does no damage.
The naga grabs you. The naga constricts you. The naga spits poison at you.
The splash of poison hits you but does no damage.
You are more poisoned.
You have difficulty breathing.
* * * LOW HITPOINT WARNING * * *
You feel yourself slow down.
You closely miss the guardian serpent.
The guardian serpent is moderately wounded.
You closely miss the naga. You hit the naga. You burn the naga.
You kill the naga!
Okawaru accepts your kill.
You closely miss the naga.
You feel very sick.
The naga mage no longer looks unusually strong.
You block the naga mage's attack. The guardian serpent hits you!
You die...

...... ......
#.....#
##......#
#........
#........
#SN.S...N #S#
#####@######
#...NN)....#
#..........#
+..........#
#..........#
#..........#
#..........#
#######...##
##...##########


You could see a shock serpent, a guardian serpent, a naga mage (fast) and 2
nagas.

Vanquished Creatures
  Jorgrun (D:13)
  Frances (D:13)
  Kirke (D:12)
  Donald (Snake:2)
  A dire elephant (Gauntlet)
  A minotaur (Gauntlet)
  A fire dragon (Lair:5)
  Erolcha (Orc:2)
  3 hydras
  An ogre mage (D:10)
  Harold (D:9)
  2 catoblepae
  A naga warrior (Snake:2)
  2 two-headed ogres
  A centaur warrior (D:13)
  A tengu warrior (D:9)
  12 death yaks
  An orc high priest (Orc:1)
  A shock serpent (Snake:1)
  Nergalle (Lair:3)
  A salamander mystic (Snake:1)
  Amaemon (Lair:3)
  A fire crab (Lair:5)
  2 skysharks (Lair:4)
  3 lindwurms (Lair:3)
  An orc knight (Orc:1)
  13 orc sorcerers
  A salamander (Snake:1)
  10 elephants
  3 cyclopes
  9 black mambas
  A torpor snail (Gauntlet)
  2 molten gargoyles (Lair:5)
  10 cane toads
  2 naga magi (Snake:1)
  2 gargoyles
  An orange demon (Lair:3)
  A minotaur zombie (Gauntlet)
  An unseen horror (D:12)
  2 rime drakes (Lair:4)
  An ice devil (Gauntlet)
  A troll (D:10)
  17 komodo dragons
  4 polar bears
  13 blink frogs
  A hornet (D:8)
  14 slime creatures
  37 yaks
  A shadow (D:13)
  A vampire (D:12)
  10 wyverns
  3 hogs (D:12)
  8 basilisks
  5 vampire mosquitoes
  4 acid dragons
  2 steam dragons
  2 wargs
  9 nagas
  A swamp worm (Lair:3)
  8 water moccasins
  4 hell hounds (Lair:5)
  10 orc warriors
  4 black bears
  4 ogres
  16 wolves
  6 centaurs
  The ghost of theswoord the Shooter, an amateur DEHs (D:4)
  3 kobold brigands
  6 bullfrogs
  A gnoll sergeant (D:8)
  3 necrophages
  4 scorpions
  16 wights
  11 killer bees (D:10)
  3 electric eels
  A howler monkey (D:5)
  5 lava snakes (Lair:5)
  14 orc priests
  A gnoll bouda (D:9)
  8 jellies
  4 hounds
  4 iguanas
  5 hell rats (Lair:3)
  30 orc wizards
  Natasha (thrice) (D:3)
  6 gnolls
  5 adders
  3 shadow imps
  3 white imps
  An ufetubus (D:5)
  3 worms
  2 dart slugs (D:1)
  55 orcs
  5 bats
  20 endoplasms
  A giant cockroach (D:1)
  4 goblins
  11 hobgoblins
  3 jackals (D:2)
  17 kobolds
  3 quokkas
  10 ball pythons
  4 frilled lizards
  7 rats
  A bush (Lair:5)
575 creatures vanquished.

Vanquished Creatures (others)
  29 fungi
  24 plants
  A withered plant (D:12)
54 creatures vanquished.

Grand Total: 629 creatures vanquished

Notes
Turn   | Place    | Note
-------+----------+-------------------------------------------
     0 | D:1      | funkygono the Minotaur Fighter began the quest for the Orb.
     0 | D:1      | Reached XP level 1. HP: 19/19 MP: 0/0
   127 | D:1      | Reached XP level 2. HP: 18/27 MP: 1/1
   521 | D:1      | Found a faded altar of an unknown god.
   749 | D:1      | Reached XP level 3. HP: 31/33 MP: 2/2
  1381 | D:2      | Reached skill level 3 in Axes
  1462 | D:2      | Reached XP level 4. HP: 36/40 MP: 3/3
  1813 | D:3      | Found Amuir's General Store.
  2031 | D:3      | Noticed Natasha
  2034 | D:3      | Killed Natasha
  2376 | D:3      | Noticed Natasha
  2386 | D:3      | Killed Natasha
  2387 | D:3      | Reached skill level 4 in Axes
  2387 | D:3      | Reached XP level 5. HP: 45/46 MP: 4/4
  2467 | D:3      | Noticed Natasha
  2474 | D:3      | Killed Natasha
  2649 | D:4      | Reached skill level 1 in Dodging
  2819 | D:4      | Reached skill level 5 in Axes
  2819 | D:4      | Reached skill level 5 in Shields
  2864 | D:4      | Found a runed translucent door.
  2864 | D:4      | Noticed theswoord's ghost (amateur DEHs)
  3123 | D:4      | Reached skill level 5 in Armour
  3123 | D:4      | Reached XP level 6. HP: 38/53 MP: 5/5
  3620 | D:4      | Killed theswoord's ghost
  3777 | D:5      | Entered Level 5 of the Dungeon
  3827 | D:5      | Reached skill level 6 in Axes
  3866 | D:5      | Reached XP level 7. HP: 60/60 MP: 6/6
  3877 | D:5      | Reached skill level 5 in Fighting
  4286 | D:5      | Reached skill level 7 in Axes
  4629 | D:6      | Reached XP level 8. HP: 42/68 MP: 7/7
  4631 | D:6      | Reached skill level 8 in Axes
  4860 | D:6      | Found a basalt altar of Yredelemnul.
  5401 | D:7      | Reached skill level 9 in Axes
  5486 | D:7      | Found a staircase to the Ecumenical Temple.
  5509 | D:7      | Reached skill level 10 in Axes
  5526 | Temple   | Entered the Ecumenical Temple
  5545 | Temple   | Became a worshipper of Warmaster Okawaru
  5627 | D:7      | Reached XP level 9. HP: 75/75 MP: 8/8
  5730 | D:7      | Reached * piety under Okawaru
  5731 | D:7      | Reached skill level 11 in Axes
  5783 | D:7      | Found a shimmering altar of Xom.
  5854 | D:7      | Found a glowing golden altar of the Shining One.
  6154 | D:8      | Noticed a two-headed ogre
  6162 | D:8      | Killed a two-headed ogre
  6162 | D:8      | Reached ** piety under Okawaru
  6264 | D:8      | Reached skill level 12 in Axes
  6449 | D:8      | Reached XP level 10. HP: 77/86 MP: 9/9
  6885 | D:9      | Reached *** piety under Okawaru
  7136 | D:9      | Noticed a tengu warrior
  7146 | D:9      | Killed a tengu warrior
  7147 | D:9      | Reached skill level 13 in Axes
  7147 | D:9      | Reached skill level 10 in Armour
  7147 | D:9      | Reached skill level 1 in Invocations
  7237 | D:9      | Noticed a death yak
  7245 | D:9      | Reached skill level 1 in Stealth
  7259 | D:9      | Killed a death yak
  7260 | D:9      | Found a staircase to the Lair.
  7392 | D:9      | Noticed Harold
  7397 | D:9      | Killed Harold
  7397 | D:9      | Reached **** piety under Okawaru
  7643 | D:10     | Entered Level 10 of the Dungeon
  7655 | D:10     | Noticed a two-headed ogre
  7663 | D:10     | Reached XP level 11. HP: 89/95 MP: 8/11
  7666 | D:10     | Killed a two-headed ogre
  7667 | D:10     | Reached skill level 14 in Axes
  7969 | D:10     | Identified the +1 leather armour of the Wumpus {rC+}
  8137 | D:10     | Noticed an ogre mage
  8154 | D:10     | Killed an ogre mage
  8154 | D:10     | Reached ***** piety under Okawaru
  8184 | D:10     | Noticed a catoblepas
  8204 | D:10     | Killed a catoblepas
  8405 | D:10     | Found a sparkling altar of Nemelex Xobeh.
  8500 | D:10     | Identified a scroll of acquirement
  8500 | D:10     | Acquired a manual of Shields
  8586 | D:11     | Received a gift from Okawaru
  8726 | D:11     | Reached skill level 10 in Fighting
  8868 | D:11     | Reached skill level 15 in Axes
  9172 | D:11     | Found a staircase to the Orcish Mines.
  9256 | Lair:1   | Entered Level 1 of the Lair of Beasts
  9406 | Lair:1   | Reached XP level 12. HP: 108/108 MP: 12/12
 10221 | Lair:2   | Found a sparkling altar of Nemelex Xobeh.
 10233 | Lair:2   | Reached skill level 16 in Axes
 10246 | Lair:2   | Received a gift from Okawaru
 10810 | Lair:2   | Noticed a death yak
 10813 | Lair:2   | Noticed a death yak
 10813 | Lair:2   | Noticed a death yak
 10814 | Lair:2   | Noticed a death yak
 10823 | Lair:2   | Killed a death yak
 10823 | Lair:2   | Killed a death yak
 10826 | Lair:2   | Killed a death yak
 10827 | Lair:2   | Killed a death yak
 10827 | Lair:2   | Identified the +1 pair of boots of the Devil's Advocate
                  | {rF+ Int+5} (Okawaru gifted it to you on level 2 of the
                  | Lair of Beasts)
 10827 | Lair:2   | Received a gift from Okawaru
 11057 | Lair:3   | Noticed a death yak
 11059 | Lair:3   | Noticed a death yak
 11060 | Lair:3   | Noticed a death yak
 11063 | Lair:3   | Noticed a death yak
 11064 | Lair:3   | Killed a death yak
 11074 | Lair:3   | Killed a death yak
 11077 | Lair:3   | Killed a death yak
 11078 | Lair:3   | Reached skill level 17 in Axes
 11078 | Lair:3   | Reached XP level 13. HP: 104/118 MP: 14/14
 11097 | Lair:3   | Found a staircase to the Snake Pit.
 11133 | Lair:3   | Reached skill level 10 in Shields
 11249 | Lair:3   | Identified the +2 war axe of Inflation {flame, Fly rC+
                  | Int-3}
 11324 | Lair:3   | Noticed Amaemon
 11338 | Lair:3   | Killed Amaemon
 11374 | Lair:3   | Noticed Nergalle
 11386 | Lair:3   | Killed Nergalle
 11818 | Lair:3   | Found a staircase to the Swamp.
 11823 | Lair:3   | Identified the +11 plate armour of Cycwua {-Tele Regen+
                  | Str-2 Int+6} (Okawaru gifted it to you on level 3 of the
                  | Lair of Beasts)
 11823 | Lair:3   | Received a gift from Okawaru
 11953 | Lair:4   | Found a staircase to the Slime Pits.
 12514 | Lair:5   | Entered Level 5 of the Lair of Beasts
 12622 | Lair:5   | Reached skill level 18 in Axes
 12647 | Lair:5   | Found a gate leading to a gauntlet.
 12656 | Gauntlet | Entered a Gauntlet
 12656 | Gauntlet | Found a transporter.
 12656 | Gauntlet | Found a transporter.
 12661 | Gauntlet | Found a transporter.
 12661 | Gauntlet | Found a transporter.
 12680 | Gauntlet | Found a transporter.
 12695 | Gauntlet | Found a transporter.
 12714 | Gauntlet | Found a transporter.
 12727 | Gauntlet | Found a transporter.
 12850 | Gauntlet | Found a transporter.
 12857 | Gauntlet | Found a transporter.
 12858 | Gauntlet | Noticed a dire elephant
 12859 | Gauntlet | Found a transporter.
 12862 | Gauntlet | Found a transporter.
 12875 | Gauntlet | Found a transporter.
 12901 | Gauntlet | Found a transporter.
 12948 | Gauntlet | Found a transporter.
 12966 | Gauntlet | Found a transporter.
 13200 | Gauntlet | Identified the ring of Xoir {rN+ Dex+4 Stlth-}
 13261 | Gauntlet | Identified the +0 cloak "Runag" {Drain rCorr Dex+2}
 13295 | Gauntlet | Killed a dire elephant
 13299 | Gauntlet | Reached XP level 14. HP: 125/130 MP: 15/15
 13304 | Gauntlet | Identified the +1 hat of Guahook {rF- rC+++ Str+3}
 13415 | Gauntlet | Identified the +1 cloak "Ragguibo" {rN+}
 13727 | Lair:5   | Identified the +0 cloak of Isempil {*Corrode +Inv rC+++
                  | Slay+5} (Okawaru gifted it to you on level 5 of the Lair of
                  | Beasts)
 13727 | Lair:5   | Received a gift from Okawaru
 13863 | Lair:5   | Found a large runed translucent door.
 13863 | Lair:5   | Found a large runed translucent door.
 14739 | Orc:1    | Entered Level 1 of the Orcish Mines
 14813 | Orc:1    | Found a bloodstained altar of Trog.
 14922 | Orc:1    | Reached skill level 15 in Armour
 14994 | Orc:1    | Paralysed by an orc sorcerer for 4 turns
 15442 | Orc:2    | Entered Level 2 of the Orcish Mines
 15443 | Orc:2    | Found a staircase to the Elven Halls.
 15539 | Orc:2    | Found Fetzade's General Store.
 15569 | Orc:2    | Found Ughotuaq's Weapon Shop.
 15742 | Orc:2    | Found Lisid's Antique Weapon Boutique.
 15788 | Orc:2    | Found an ancient bone altar of Kikubaaqudgha.
 15795 | Orc:2    | Paralysed by an orc sorcerer for 5 turns
 15820 | Orc:2    | Reached skill level 15 in Fighting
 15858 | Orc:2    | Found Teonnie's Distillery.
 15879 | Orc:2    | Noticed Erolcha
 15884 | Orc:2    | Paralysed by an orc sorcerer for 2 turns
 15894 | Orc:2    | Killed Erolcha
 15915 | Orc:2    | Bought a potion of heal wounds for 70 gold pieces
 15917 | Orc:2    | Found a radiant altar of Vehumet.
 15965 | Orc:2    | Gained mutation: You have hidden genetic defects. [a
                  | neqoxec]
 15975 | Orc:2    | Paralysed by an orc sorcerer for 2 turns
 15982 | Orc:2    | Reached skill level 19 in Axes
 16002 | Orc:2    | Found Cuhel's Antique Weapon Shop.
 16053 | Orc:2    | Found Qasoymna's Book Shop.
 16506 | D:12     | Found an ancient bone altar of Kikubaaqudgha.
 16605 | D:12     | Noticed Kirke
 16628 | D:12     | Killed Kirke
 17086 | D:13     | Noticed Jorgrun
 17094 | D:13     | Killed Jorgrun
 17130 | D:13     | Noticed Frances
 17141 | D:13     | Killed Frances
 17184 | D:13     | Gained mutation: You are frail. (-10% HP) [hidden defects]
 17862 | Snake:1  | Entered Level 1 of the Snake Pit
 18005 | Snake:1  | Reached XP level 15. HP: 128/128 MP: 14/17
 18981 | Snake:2  | Noticed Donald
 19006 | Snake:2  | Killed Donald
 19010 | Snake:2  | Slain by a guardian serpent

Illustrated notes

Levels and vault maps discovered:
D:1:      kennysheep_arrival_seaside, layout_basic, serial_co_window_serial,
          co_window_paths_a, co_window_paths_a, co_window_paths_a,
          co_window_paths_b, co_window_corner_a, co_window_corner_a,
          co_window_paths_a, co_window_corner_b, co_window_corner_ca,
          co_window_broadway_b, co_window_corner_b, co_window_paths_e,
          glass_columns_b, glass_columns_b, chequers_ecumenical_altar_grove
D:2:      layout_loops_cross, st_stairs_2
D:3:      layout_basic, serial_shops, shop, uniq_natasha
D:4:      layout_cave_pods, hellmonk_ghost_happy_afterlife,
          amcnicky_mini_rare_corridor_liquid
D:5:      layout_loops_ring
D:6:      layout_cave_pools, lemuel_round_altar, st_stairs_8
D:7:      layout_basic, tso_metal_star, general_overflow_altar,
          minmay_temple_entry_slanted, nicolae_fountain_basement
D:8:      layout_gridville
D:9:      layout_basic, david_lair_generic, uniq_harold
D:10:     layout_small_grid, nemelex_diamond_rough_becter, st_stairs_9,
          minmay_fractal_squares_gapless_7
D:11:     layout_loops_ring, hiddenorc1_lemuel
D:12:     layout_cave_pools, kiku_gazebo_garden_becter, uniq_kirke
D:13:     layout_basic, uniq_jorgrun, uniq_frances
Temple:   compressed_dpeg_circular_temple
Lair:1:   lemuel_slime, layout_loops_ring
Lair:2:   layout_loops_ring, basic_altar
Lair:3:   layout_long_grid, nicolae_swamp_entry_splash_gauntlet,
          minmay_snake_entry_guardpost_small, nicolae_lair_lindhole,
          uniq_nergalle, uniq_amaemon
Lair:4:   layout_roguey, slime_entry_1
Lair:5:   cheibrodos_lair_end_hotspot, layout_gridlike, gauntlet_entry_generic,
          st_stairs_11
Snake:1:  layout_onion
Snake:2:  layout_grid_maze, basic_altar, uniq_donald, uniq_mlioglotl
Orc:1:    layout_caves, basic_altar, bh_open_orc_temple
Orc:2:    kennysheep_orc_mage_school, layout_diamond_mine, serial_shops, shop,
          nicolae_shop_bloodbath_and_beyond, uniq_erolcha

Skill      XL: |  1  2  3  4  5  6  7  8  9 10 11 12 13 14 15 |
---------------+----------------------------------------------+-----
Armour         | 4 5 6 8 9 10 11 13 14 15 | 15.6
Shields        | 4 5 6 7 8 9 11 13 14 | 14.0
Fighting       | 4 5 6 7 8 10 12 13 15 16 | 16.0
Axes           | 3 4 5 6 7 10 12 13 15 17 18 19 | 19.4
Dodging        | 1 2 3 |  3.5
Invocations    | 1 2 3 4 |  4.4
Stealth        | 1 2 3 4 |  4.6

Action                     |  1- 3 |  4- 6 |  7- 9 | 10-12 | 13-15 || total
---------------------------+-------+-------+-------+-------+-------++-------
  Melee: War axe           |    93 |   120 |    94 |   334 |   657 ||  1298
         Headbutt          |     8 |    18 |    16 |    78 |   175 ||   295
 Invoke: Heroism           |       |       |     2 |    15 |    35 ||    52
    Use: Scroll            |       |    14 |    10 |     6 |     3 ||    33
         Potion            |       |       |       |     2 |     1 ||     3
   Stab: Distracted        |       |       |     1 |     6 |     4 ||    11
         Petrified         |       |       |       |     3 |       ||     3
 Armour: Scale mail        |    58 |     3 |       |       |       ||    61
         Plate armour      |       |    74 |    51 |   163 |   473 ||   761
  Dodge: Dodged            |    56 |    41 |    23 |    68 |   228 ||   416
  Block: Buckler           |    19 |    24 |    17 |    72 |   199 ||   331

Table legend: (Time is in decaauts)
 A = Elapsed time spent in this place.
 B = Non-inter-level travel time spent in this place.
 C = Inter-level travel time spent in this place.
 D = Time resting spent in this place.
 E = Time spent auto-exploring this place.
 F = Levels seen in this place.
 G = Mean time per level.
                   A        B        C        D        E       F      G
               +--------+--------+--------+--------+--------+-----+--------+
         Total |  18871 |  17478 |   1393 |    267 |  13112 |  24 |  786.3 |
       Dungeon |  10817 |   9775 |   1042 |    126 |   7504 |  13 |  832.1 |
        Temple |     82 |     74 |      8 |      0 |     57 |   1 |   82.0 |
          Lair |   4521 |   4259 |    262 |     61 |   3379 |   5 |  904.2 |
     Snake Pit |   1139 |   1110 |     29 |     44 |    955 |   2 |  569.5 |
  Orcish Mines |   1499 |   1448 |     51 |      0 |   1133 |   2 |  749.5 |
      Gauntlet |    810 |    810 |      0 |     36 |     84 |   1 |  810.0 |
               +--------+--------+--------+--------+--------+-----+--------+

Top non-repeatable levels by time:
     D:4: 1263 daAuts
  Lair:5: 1182 daAuts
     D:1: 1178 daAuts
 Snake:1: 1097 daAuts
    D:10: 977 daAuts
     D:9: 947 daAuts
  Lair:3: 931 daAuts
  Lair:2: 918 daAuts
  Lair:1: 908 daAuts
    D:11: 884 daAuts
     D:3: 855 daAuts
Gauntlet: 810 daAuts
     D:6: 788 daAuts
     D:8: 785 daAuts
   Orc:2: 769 daAuts
